 Dungeon Crawl Stone Soup version 0.21-a0-238-geb0acef (webtiles) character file.

43162 Chiseanne the Unseen (level 13, 0/57 HPs)
             Began as a Spriggan Assassin on Sept 2, 2017.
             Was an Initiate of Gozag.
             Killed by vampiric draining
             ... invoked by a vampire mage
              (11 damage)
             ... on level 15 of the Dungeon.
             The game lasted 01:08:50 (14314 turns).

Chiseanne the Unseen (Spriggan Assassin)           Turns: 14314, Time: 01:08:50

Health: 0/57       AC: 17    Str:  7    XL:     13   Next: 89%
Magic:  25/26      EV: 30    Int: 13    God:    Gozag
Gold:   622        SH:  0    Dex: 22    Spells: 10/12 levels left

rFire    . . .     SeeInvis +   a - +1 rapier (elec)
rCold    . . .     Gourm    .   (shield restricted)
rNeg     . . .     Faith    .   c - +4 troll leather armour
rPois    .         Spirit   .   (helmet restricted)
rElec    .         Reflect  .   r - +2 cloak {+Inv}
rCorr    .         Harm     .   (gloves unavailable)
MR       ++...                  (boots unavailable)
Stlth    ++++++++..             P - amulet of regeneration
HPRegen  0.99/turn              F - +5 ring of protection
MPRegen  0.20/turn              L - +3 ring of slaying

@: gold aura, very slightly contaminated, invisible, very quick
A: unfitting armour, see invisible, herbivore 3, speed 3, slow metabolism 2
a: Potion Petition, Call Merchant, Bribe Branch, Renounce Religion


You were on level 15 of the Dungeon.
You worshipped Gozag.
Gozag was pleased with you.
You were very full.

You visited 3 branches of the dungeon, and saw 22 of its levels.

You collected 4489 gold pieces.
You spent 558 gold pieces at shops.
You paid 3309 gold pieces to Gozag.

Inventory:

Hand Weapons
 a - a +1 rapier of electrocution (weapon)
 s - a +2 falchion of slicing
 w - a +0 blowgun
Missiles
 e - 103 poisoned needles
 i - 130 bolts
 l - 118 sling bullets
 p - a throwing net (quivered)
Armour
 c - a +4 troll leather armour (worn)
 r - a +2 cloak of invisibility (worn)
Jewellery
 o - a +4 ring of evasion
 E - an uncursed ring of fire
 F - a +5 ring of protection (left hand)
 L - a +3 ring of slaying (right hand)
 P - an amulet of regeneration (around neck)
Wands
 f - a wand of lightning (5/15)
 t - a wand of digging (8/24)
 x - a wand of lightning (2/15)
 z - a wand of lightning (9/15)
 H - a wand of clouds (4/9)
 Q - a wand of iceblast (0/15)
 X - a wand of paralysis (4/24)
Scrolls
 v - 4 scrolls of remove curse
 I - a scroll of recharging
 J - 4 scrolls of teleportation
 K - 10 scrolls of magic mapping
 M - 2 scrolls of blinking
 T - a scroll of fear
 Y - 3 scrolls of identify
Potions
 b - 4 potions of mutation
 d - a potion of resistance
 m - 3 potions of flight
 n - 8 potions of curing
 u - 4 potions of heal wounds
 A - a potion of cancellation
 B - a potion of haste
 D - 7 potions of agility
 Z - a potion of brilliance
Books
 h - a Young Poisoner's Handbook

   Spells                             Type                      Level
   a - Sting                          Conjuration/Poison           1
   b - Poisonous Vapours              Poison/Air                   2
   c - Mephitic Cloud                 Conjuration/Poison/Air       3
   d - Olgreb's Toxic Radiance        Poison                       4
   e - Venom Bolt                     Conjuration/Poison           5
 k - the Handbook of the Glacier
   (You found it on level 10 of the Dungeon)

   Spells                             Type                      Level
   a - Ensorcelled Hibernation        Hexes/Ice                    2
   b - Ozocubu's Armour               Charms/Ice                   3
   c - Ice Form                       Ice/Transmutation            4
   d - Metabolic Englaciation         Hexes/Ice                    5
   e - Simulacrum                     Ice/Necromancy               6
 q - a book of Air

   Spells                             Type                      Level
   a - Shock                          Conjuration/Air              1
   b - Swiftness                      Charms/Air                   2
   c - Static Discharge               Conjuration/Air              3
   d - Airstrike                      Air                          4
   e - Lightning Bolt                 Conjuration/Air              5
 y - a book of Minor Magic

   Spells                             Type                      Level
   a - Magic Dart                     Conjuration                  1
   b - Blink                          Translocation                2
   c - Call Imp                       Summoning                    2
   d - Slow                           Hexes                        2
   e - Conjure Flame                  Conjuration/Fire             3
   f - Mephitic Cloud                 Conjuration/Poison/Air       3
 C - a book of Necromancy

   Spells                             Type                      Level
   a - Pain                           Necromancy                   1
   b - Animate Skeleton               Necromancy                   1
   c - Vampiric Draining              Necromancy                   3
   d - Regeneration                   Charms/Necromancy            3
   e - Animate Dead                   Necromancy                   4
   f - Control Undead                 Necromancy                   4
 N - a book of Geomancy

   Spells                             Type                      Level
   a - Sandblast                      Earth                        1
   b - Passwall                       Transmutation/Earth          2
   c - Stone Arrow                    Conjuration/Earth            3
   d - Petrify                        Transmutation/Earth          4
   e - Lee's Rapid Deconstruction     Earth                        5
 R - a book of Misfortune

   Spells                             Type                      Level
   a - Confusing Touch                Hexes                        1
   b - Confuse                        Hexes                        3
   c - Gell's Gravitas                Translocation                3
   d - Petrify                        Transmutation/Earth          4
   e - Metabolic Englaciation         Hexes/Ice                    5
   f - Yara's Violent Unravelling     Hexes/Transmutation          5
 S - a book of Frost

   Spells                             Type                      Level
   a - Freeze                         Ice                          1
   b - Throw Frost                    Conjuration/Ice              2
   c - Ozocubu's Armour               Charms/Ice                   3
   d - Throw Icicle                   Conjuration/Ice              4
   e - Summon Ice Beast               Ice/Summoning                4
 V - a book of Clouds

   Spells                             Type                      Level
   a - Poisonous Vapours              Poison/Air                   2
   b - Mephitic Cloud                 Conjuration/Poison/Air       3
   c - Conjure Flame                  Conjuration/Fire             3
   d - Freezing Cloud                 Conjuration/Ice/Air          6
   e - Ring of Flames                 Charms/Fire                  7
Miscellaneous
 j - a box of beasts
 G - a phantom mirror
 O - a lightning rod (4/4)
Comestibles
 g - 13 bread rations
 U - 15 royal jellies
 W - 2 fruits


   Skills:
 - Level 1.5 Fighting
 - Level 9.1 Short Blades
 - Level 2.0 Throwing
 * Level 4.9 Armour
 + Level 13.2 Dodging
 * Level 20.9 Stealth
 * Level 16.7 Evocations


You had 10 spell levels left.
You knew the following spells:

 Your Spells              Type           Power        Failure   Level  Hunger
a - Blink                 Tloc           N/A          54%         2    ###....


Dungeon Overview and Level Annotations

Branches:
Dungeon (15/15)            Temple (1/1) D:4            Lair (6/6) D:9
  Swamp (0/4) Lair:4       Spider (0/4) Lair:2        Slime (0/5) Lair:6
    Orc (0/2) D:12         Depths (0/5) D:15
 Vaults: D:13-14

Altars:
Ashenzari
Fedhas
Gozag
Makhleb
Nemelex Xobeh
Okawaru
Ru
Trog
Uskayaw
Vehumet
Wu Jian
Xom
Zin
Jiyva

Shops:
D:5 :   D:9 ((   D:13 (   Lair:2 =

Annotations:
D:4 loom's ghost, amateur FoVM
D:5 dricus's ghost, novice OpTm
D:6 2 transporters
D:14 exclusion: downstairs
Lair:4 Harold
Lair:6 1 runed door


Innate Abilities, Weirdness & Mutations

You are very small and have problems with some larger weapons.
You are too small for most types of armour.
You have supernaturally acute eyesight. (SInv)
You are a herbivore.
You cover ground extremely quickly.
You need consume almost no food.


Message History

You closely miss the vampire mage.
The vampire mage is heavily damaged.
The tengu reaver zombie is engulfed in freezing vapours.
You destroy the tengu reaver zombie!
You barely miss the vampire mage.
The vampire mage is heavily damaged.
The vampire mage is engulfed in freezing vapours.
The vampire mage closely misses you. The vampire mage completely misses you.
You hit the vampire mage but do no damage.
The vampire mage is severely damaged.
The vampire mage is engulfed in freezing vapours.
The vampire mage is infused with unholy energy.
* * * LOW HITPOINT WARNING * * *
The vampire mage draws life force from you and is healed!
You hit the vampire mage but do no damage.
The vampire mage is heavily damaged.
The vampire mage is engulfed in freezing vapours.
The vampire mage is infused with unholy energy.
You die...
Your body crumbles into a pile of gold.

#.# #.....##. #.#####
#......#. #.....#
####.#... #.....#
##...... #.....#
##..<##.#
#.....######.T.##...#
#..............##.###
#.....####....###.#
#...@§.#...........
#...V§§#....$......
#....§§§§..$.....ZP.
#......§§§§§8.Z...Py..
...######§§§§§8P....
#.. #§§§§§..$.P. ..
#§§§§§F.....
......888P..
........88.>.


You could see a vampire mage (invisible) and a bullfrog (wandering).

Vanquished Creatures
  3 hydras
  A catoblepas (D:9)
  2 centaur warriors
  8 two-headed ogres
  An ogre mage (D:15)
  2 unseen horrors
  A skeletal warrior (D:15)
  A swamp dragon (Lair:4)
  A necromancer (D:15)
  An orc knight (D:15)
  A wolf spider (D:15)
  A tengu zombie (D:15)
  2 cyclopes
  A wolf spider zombie (D:15)
  7 ugly things
  2 manticores (D:15)
  4 black mambas
  3 gargoyles
  6 spiny frogs
  A centaur zombie (D:11)
  5 rime drakes
  5 centaur skeletons
  2 komodo dragons (Lair:6)
  An efreet (D:15)
  A wind drake (Lair:6)
  3 hornets
  A queen bee (Lair:3)
  5 trolls
  A polar bear (shapeshifter) (D:9)
  11 dream sheep (Lair:6)
  7 hippogriffs
  A shadow (D:15)
  2 wyverns
  2 basilisks (Lair:2)
  8 yaks
  A hog (shapeshifter) (D:9)
  A steam dragon (D:9)
  6 vampire mosquitoes (D:15)
  2 soldier ants
  An acid dragon (D:9)
  13 water moccasins
  6 porcupines
  A phantom (D:9)
  5 orc warriors
  6 ogres
  10 crocodiles
  A big kobold (D:8)
  15 bullfrogs
  A wyvern zombie (D:9)
  5 scorpions
  A wyvern skeleton (D:14)
  23 killer bees (Lair:3)
  A wight (D:7)
  A howler monkey (D:4)
  2 crimson imps
  3 bullfrog zombies
  An orc priest (D:4)
  6 jellies
  3 orc wizards
  Crazy Yiuf (D:2)
  2 bullfrog skeletons
  3 hounds
  5 iguanas
  Natasha (thrice) (D:2)
  10 worker ants
  A hound skeleton (D:4)
  Robin (D:2)
  A howler monkey skeleton (D:4)
  17 adders
  4 gnolls (D:2)
  3 shadow imps
  An ooze (D:3)
  An adder skeleton (D:9)
  2 worms (D:3)
  A dart slug (D:2)
  A leopard gecko (D:1)
  28 orcs
  2 ball pythons
  9 bats
  11 giant cockroaches
  14 goblins
  11 hobgoblins
  22 jackals
  3 quokkas
  2 frilled lizards
  7 kobolds
  A leopard gecko skeleton (D:4)
  6 rats
  A withered plant (D:15)
393 creatures vanquished.

Vanquished Creatures (collateral kills)
  A merfolk avatar (Lair:6)
  A sea snake (Lair:6)
  2 elephants (Lair:6)
  A spiny frog (Lair:6)
  A hornet (Lair:6)
  A crocodile (Lair:6)
  A plant (Lair:6)
8 creatures vanquished.

Vanquished Creatures (others)
  A basilisk (shapeshifter) (D:15)
  A bush (Lair:6)
  6 fungi
  25 plants
  2 withered plants (D:15)
35 creatures vanquished.

Grand Total: 436 creatures vanquished

Notes
Turn   | Place    | Note
-------+----------+-------------------------------------------
     0 | D:1      | Chiseanne the Spriggan Assassin began the quest for the Orb.
     0 | D:1      | Reached XP level 1. HP: 10/10 MP: 2/2
   125 | D:1      | Reached skill level 6 in Stealth
   253 | D:1      | Reached XP level 2. HP: 14/14 MP: 3/3
   449 | D:1      | Found a sparkling altar of Nemelex Xobeh.
  1006 | D:1      | Reached XP level 3. HP: 18/18 MP: 4/4
  1252 | D:1      | Reached skill level 7 in Stealth
  1642 | D:2      | Noticed Robin
  1698 | D:2      | Killed Robin
  1906 | D:2      | Reached XP level 4. HP: 18/22 MP: 5/5
  1952 | D:2      | Reached skill level 8 in Stealth
  1976 | D:2      | Noticed Natasha
  1989 | D:2      | Killed Natasha
  2382 | D:2      | Noticed Natasha
  2429 | D:2      | Killed Natasha
  2478 | D:2      | Reached skill level 9 in Stealth
  2573 | D:2      | Reached XP level 5. HP: 24/25 MP: 6/6
  2598 | D:2      | Found a burning altar of Makhleb.
  2637 | D:2      | Noticed Natasha
  2660 | D:2      | Killed Natasha
  2939 | D:2      | Reached skill level 10 in Stealth
  3153 | D:2      | Found a runed door.
  3157 | D:2      | Noticed Crazy Yiuf
  3161 | D:2      | Killed Crazy Yiuf
  3343 | D:3      | Reached XP level 6. HP: 17/30 MP: 7/7
  3519 | D:3      | Found a sacrificial altar of Ru.
  3791 | D:3      | Reached skill level 1 in Evocations
  3906 | D:3      | Found a glowing silver altar of Zin.
  3909 | D:3      | Found an ornate altar of the Wu Jian Council.
  3922 | D:3      | Found a shattered altar of Ashenzari.
  3926 | D:3      | Found a bloodstained altar of Trog.
  3927 | D:3      | Found a radiant altar of Vehumet.
  4431 | D:4      | Found a staircase to the Ecumenical Temple.
  4441 | Temple   | Entered the Ecumenical Temple
  4464 | Temple   | Became a worshipper of Gozag Ym Sagoz the Greedy
  4884 | D:4      | Reached skill level 11 in Stealth
  5033 | D:4      | Noticed loom's ghost (amateur FoVM)
  5335 | D:4      | Reached XP level 7. HP: 33/33 MP: 10/10
  5902 | D:5      | Entered Level 5 of the Dungeon
  6115 | D:5      | Noticed dricus's ghost (novice OpTm)
  6194 | D:5      | Found Peceyrch's Book Shoppe.
  6361 | D:6      | Found a transporter.
  6383 | D:6      | Found a transporter.
  6582 | D:6      | Noticed a hippogriff
  6587 | D:6      | Killed a hippogriff
  6612 | D:6      | Learned a level 2 spell: Blink
  6660 | D:6      | Reached skill level 5 in Dodging
  6703 | D:6      | Reached skill level 5 in Evocations
  6843 | D:7      | Noticed a wraith
  7016 | D:8      | Reached skill level 12 in Stealth
  7016 | D:8      | Reached XP level 8. HP: 23/37 MP: 11/13
  7287 | D:8      | Noticed a hippogriff
  7351 | D:8      | Killed a hippogriff
  7842 | D:9      | Reached skill level 13 in Stealth
  7906 | D:9      | Found a staircase to the Lair.
  7916 | Lair:1   | Entered Level 1 of the Lair of Beasts
  8004 | Lair:1   | Reached XP level 9. HP: 41/41 MP: 15/15
  8076 | Lair:1   | Noticed a rime drake
  8097 | Lair:1   | Killed a rime drake
  8170 | Lair:1   | Reached skill level 5 in Short Blades
  8432 | Lair:2   | Noticed a five-headed hydra
  8443 | Lair:2   | Killed a five-headed hydra
  8443 | Lair:2   | Reached skill level 14 in Stealth
  8711 | Lair:2   | Noticed a black mamba
  8715 | Lair:2   | Noticed a spiny frog
  8785 | Lair:2   | Found a hole to the Spider Nest.
  8840 | Lair:2   | Killed a black mamba
  8840 | Lair:2   | Reached skill level 10 in Evocations
  8840 | Lair:2   | Reached XP level 10. HP: 46/46 MP: 16/18
  8919 | Lair:2   | Reached skill level 15 in Stealth
  9171 | Lair:2   | Killed a spiny frog
  9256 | Lair:2   | Noticed an eight-headed hydra
  9261 | Lair:2   | Killed an eight-headed hydra
  9261 | Lair:2   | Reached skill level 16 in Stealth
  9346 | Lair:2   | Bought an uncursed amulet of regeneration for 390 gold pieces
  9358 | Lair:3   | Noticed a spiny frog
  9366 | Lair:3   | Killed a spiny frog
  9834 | Lair:3   | Reached XP level 11. HP: 43/49 MP: 19/21
 10146 | Lair:4   | Noticed Harold
 10343 | Lair:4   | Reached skill level 10 in Dodging
 10422 | Lair:4   | Noticed a swamp dragon
 10423 | Lair:4   | Found a staircase to the Swamp.
 10430 | Lair:4   | Killed a swamp dragon
 10430 | Lair:4   | Reached skill level 17 in Stealth
 10791 | Lair:6   | Entered Level 6 of the Lair of Beasts
 10963 | Lair:6   | Found a runed door.
 10963 | Lair:6   | Found a viscous altar of Jiyva.
 10963 | Lair:6   | Noticed an azure jelly
 10964 | Lair:6   | Found a staircase to the Slime Pits.
 10964 | Lair:6   | Noticed an azure jelly
 11056 | Lair:6   | Reached skill level 18 in Stealth
 11312 | Lair:6   | Reached XP level 12. HP: 53/53 MP: 20/23
 11342 | Lair:6   | Noticed a merfolk avatar
 11356 | Lair:6   | Killed a merfolk avatar
 11729 | D:9      | Bought a +1 dagger of electrocution for 168 gold pieces
 11888 | D:9      | Noticed a catoblepas
 11896 | D:9      | Killed a catoblepas
 11898 | D:9      | Reached skill level 19 in Stealth
 11929 | D:9      | Noticed a two-headed ogre
 11936 | D:9      | Killed a two-headed ogre
 12077 | D:9      | Reached skill level 15 in Evocations
 12276 | D:9      | Noticed a centaur warrior
 12276 | D:9      | Noticed a two-headed ogre
 12298 | D:9      | Killed a two-headed ogre
 12307 | D:9      | Killed a centaur warrior
 12307 | D:9      | Reached skill level 1 in Armour
 12458 | D:10     | Entered Level 10 of the Dungeon
 12493 | D:10     | Identified the Handbook of the Glacier
 12781 | D:10     | Noticed a two-headed ogre
 12789 | D:10     | Killed a two-headed ogre
 13003 | D:11     | Noticed a two-headed ogre
 13007 | D:11     | Killed a two-headed ogre
 13099 | D:11     | Reached XP level 13. HP: 56/57 MP: 25/25
 13410 | D:11     | Found a sacrificial altar of Ru.
 13534 | D:12     | Found a staircase to the Orcish Mines.
 13557 | D:12     | You fall through a shaft for 3 floors!
 13557 | D:15     | Entered Level 15 of the Dungeon
 13574 | D:15     | Reached skill level 20 in Stealth
 14286 | D:15     | Found a staircase to the Depths.
 14314 | D:15     | Killed from afar by a vampire mage

Vault maps used:
D:1:      saegor_arrival_miasma, serial_bayou_pond_c,
          nemelex_diamond_rough_becter
D:2:      bloody_makhleb, uniq_natasha, uniq_crazy_yiuf_cottage, uniq_robin
D:3:      lemuel_doored_altar, grunt_temple_overflow_open
D:4:      minmay_temple_entry_butterflies, first_bread,
          kennysheep_cluttered_room
D:5:      basic_altar, serial_shops, shop
D:6:      gammafunk_steamed_eel
D:7:      the_bakery, lemuel_mausoleum_altar_kikubaaqudgha, uniq_joseph
D:9:      minmay_the_grid_square_5x5_4x4, grunt_lair_entry_orc_guard_hut,
          wad_scary_box
D:10:     serial_shops, nicolae_shop_behind_doors
D:11:     kennysheep_spiral_hall, basic_altar
D:12:     orc_0_dummy, minmay_misc_feat_room
D:13:     erik_vaults_2, basic_altar, uniq_azrael
D:14:     nicolae_sextant
D:15:     gammafunk_depths_entry_grave, hangedman_decor_peaks_small,
          portal_ice_cave_entry_pillars_1, minmay_crystal_box
Temple:   regret_index_temple_waves
Lair:2:   minmay_lair_venomous_thicket, nicolae_spider_entry_non_spiders,
          serial_bayou_shore_b, lemuel_fruit_fields, grunt_megastairs_2
Lair:3:   special_room
Lair:4:   minmay_swamp_entry_reptiles, grunt_megastairs_4, uniq_harold
Lair:5:   grunt_megastairs_1
Lair:6:   gammafunk_lair_ancient_temple, slime_altar_2, columned_hall_lemuel,
          minmay_lair_oklob_chamber, lemuel_fruit_tree

Skill      XL: |  1  2  3  4  5  6  7  8  9 10 11 12 13 |
---------------+----------------------------------------+-----
Stealth        | 6 7 9 10 11 12 13 14 16 18 19 20 | 20.9
Dodging        | 2 3 4 5 6 8 9 10 12 13 | 13.2
Evocations     | 3 5 7 10 12 13 15 16 | 16.7
Short Blades   | 3 4 6 7 8 9 |  9.1
Armour         | 2 4 |  4.9
Fighting       | |  1.5
Throwing       | |  2.0

Action                   |  1- 3 |  4- 6 |  7- 9 | 10-12 | 13-15 || total
-------------------------+-------+-------+-------+-------+-------++-------
Melee: Dagger            |   181 |   199 |   200 |   201 |       ||   781
       Quarterstaff      |       |       |    33 |       |       ||    33
       Falchion          |       |       |    36 |    52 |       ||    88
       Rapier            |       |       |       |    59 |   238 ||   297
 Fire: Blowgun           |     7 |    92 |    16 |     9 |       ||   124
Throw: Throwing net      |       |       |       |     9 |       ||     9
Invok: Call Merchant     |       |       |     1 |     2 |     1 ||     4
 Abil: Evoke Invisibilit |       |       |     2 |     7 |     5 ||    14
Evoke: Wand              |       |     4 |     1 |    13 |    19 ||    37
       Lightning rod     |       |       |       |     5 |       ||     5
       Sack of spiders   |       |       |       |     5 |       ||     5
  Use: Scroll            |     4 |     8 |     7 |    10 |     4 ||    33
       Potion            |       |     1 |       |     1 |     1 ||     3
 Stab: Sleeping          |    10 |    12 |    21 |    64 |     5 ||   112
       Distracted        |       |     4 |     1 |     5 |       ||    10
       Invisible         |       |       |     1 |    27 |    28 ||    56
       Held in net/web   |       |       |       |     7 |       ||     7
       Paralysed         |       |       |       |     6 |     4 ||    10
  Eat: Bread ration      |       |     1 |       |       |       ||     1
       Fruit             |       |       |       |     6 |     8 ||    14
       Royal jelly       |       |       |       |     2 |       ||     2
Armor: Robe              |    16 |    17 |    33 |    11 |       ||    77
       Troll leather arm |       |       |       |     7 |    32 ||    39
Dodge: Dodged            |   130 |   154 |   214 |   178 |   257 ||   933
       Rpst.: Falchion   |       |       |    11 |    18 |       ||    29

Table legend:
 A = Spawn XP
 B = Non-spawn XP
 C = Spawn XP percentage of total XP
 D = Spawn monster count
 E = Non-spawn monster count
 F = Spawn count percentage of total count
 G = Total turns spent on level
                    A         B        C        D         E        F      G
               +---------+---------+-------+---------+---------+-------+---------
         Total |    3311 |   58349 |   5.4 |      31 |     369 |   7.8 | 14314
               +---------+---------+-------+---------+---------+-------+---------
           D:1 |       2 |      65 |   3.0 |       2 |      35 |   5.4 |  1836
           D:2 |      62 |     245 |  20.2 |       7 |      24 |  22.6 |  1453
           D:3 |      99 |      83 |  54.4 |       6 |      26 |  18.8 |  1053
           D:4 |      36 |     189 |  16.0 |       2 |      13 |  13.3 |  1136
           D:5 |       0 |      79 |   0.0 |       0 |       4 |   0.0 |   535
           D:6 |       0 |     461 |   0.0 |       0 |       8 |   0.0 |   402
           D:7 |       0 |      62 |   0.0 |       0 |       1 |   0.0 |   411
           D:8 |      88 |     490 |  15.2 |       1 |      13 |   7.1 |   494
           D:9 |       6 |    8380 |   0.1 |       3 |      35 |   7.9 |   916
          D:10 |      74 |    1255 |   5.6 |       1 |       7 |  12.5 |   417
          D:11 |       0 |    5975 |   0.0 |       0 |      31 |   0.0 |   599
          D:13 |       0 |     935 |   0.0 |       0 |       1 |   0.0 |    11
          D:14 |     962 |    3355 |  22.3 |       1 |       9 |  10.0 |   410
          D:15 |       0 |   14799 |   0.0 |       0 |      39 |   0.0 |   336
        Temple |       0 |       9 |   0.0 |       0 |       3 |   0.0 |   424
        Lair:1 |       0 |    1739 |   0.0 |       0 |       9 |   0.0 |   652
        Lair:2 |     137 |    5529 |   2.4 |       1 |      33 |   2.9 |   849
        Lair:3 |     147 |    2844 |   4.9 |       1 |      28 |   3.4 |   905
        Lair:4 |       0 |    2164 |   0.0 |       0 |      10 |   0.0 |   389
        Lair:5 |     405 |    1305 |  23.7 |       1 |       6 |  14.3 |   356
        Lair:6 |    1293 |    8386 |  13.4 |       5 |      34 |  12.8 |   659
               +---------+---------+-------+---------+---------+-------+---------
